 Dungeon Crawl Stone Soup version 0.25.0-26-g0c896c7088 (webtiles) character file.

Game seed: 2536485630168296999

128 MisterFreud the Insei (level 4, -3/35 HPs)
             Began as a Demonspawn Abyssal Knight on July 5, 2020.
             Was a Believer of Lugonu.
             Killed by divine providence
             ... invoked by an orc priest
              (13 damage)
             ... on level 3 of the Dungeon.
             The game lasted 00:04:27 (3351 turns).

MisterFreud the Insei (Demonspawn Abyssal Knight)   Turns: 3351, Time: 00:04:27

Health: -3/35      AC: 14    Str: 12    XL:     4   Next: 87%
Magic:  5/5        EV:  5    Int: 14    God:    Lugonu [**....]
Gold:   126        SH:  0    Dex: 13    Spells: 3/3 levels left

rFire    . . .     SeeInvis .     - Unarmed
rCold    . . .     Gourm    .   (no shield)
rNeg     . . .     Faith    .   q - +0 chain mail
rPois    .         Spirit   .   (no helmet)
rElec    .         Reflect  .   (no cloak)
rCorr    .         Harm     .   i - +0 pair of gloves
MR       .....                  m - +0 pair of boots
Stlth    ..........             (no amulet)
HPRegen  0.11/turn              p - +4 ring of protection
MPRegen  0.09/turn              (no ring)

@: no status effects
A: nightstalker 1
a: Depart the Abyss, Bend Space, Renounce Religion


You were on level 3 of the Dungeon.
You worshipped Lugonu.
Lugonu was pleased with you.
You were not hungry.

You visited 1 branch of the dungeon, and saw 3 of its levels.
You visited the Abyss 1 time.

You collected 126 gold pieces.

Inventory:

Missiles
 r - 5 javelins
 t - 9 poisoned darts (quivered)
Armour
 i - a +0 pair of gloves (worn)
 m - a +0 pair of boots (worn)
 q - a +0 chain mail (worn)
Jewellery
 p - a +4 ring of protection (left hand)
Scrolls
 a - 4 scrolls of identify {unknown}
 d - a scroll of enchant armour {unknown}
 e - 3 scrolls of enchant weapon {unknown}
 f - 2 scrolls of magic mapping {unknown}
 g - a scroll of fog {unknown}
 h - 2 scrolls of amnesia {unknown}
 s - a scroll of remove curse {unknown}
Potions
 c - a potion of degeneration {unknown}
 k - a potion of magic {unknown}
 l - 2 potions of stabbing {unknown}
 n - 2 potions of cancellation {unknown}
 o - 2 potions of curing {unknown}
Comestibles
 b - 4 rations


   Skills:
 - Level 3.0 Fighting
 - Level 1.7 Armour
 - Level 0.8 Dodging
 + Level 4.7 Unarmed Combat
 - Level 2.4 Invocations


You had 3 spell levels left.
You didn't know any spells.
Your spell library was empty.

Dungeon Overview and Level Annotations

Branches:
Dungeon (3/15)

Altars:
Cheibriados

Annotations:
D:3 Terence


Innate Abilities, Weirdness & Mutations

You are slightly more attuned to the shadows.


Message History

The orc priest is heavily wounded.
The hobgoblin hits you but does no damage.
The orc priest calls upon Beogh to heal the orc priest.
The orc priest is healed somewhat.
You hit the orc priest.
The orc priest is heavily wounded.
The orc priest looks more healthy.
The orc priest hits you but does no damage.
The hobgoblin barely misses you.
You hit the orc priest.
The orc priest is severely wounded.
The orc priest invokes the aid of Beogh against you.
Beogh smites you! The hobgoblin hits you.
* * * LOW HITPOINT WARNING * * *
The orc priest calls upon Beogh to heal the orc priest.
The orc priest is healed somewhat.
Unknown command.
The orc priest mumbles some strange prayers to Beogh against you.
Beogh smites you!
You die...

#######...♣................
#........♣_♣...............
#.#####...♣..........).....
#.#####....................
......'.....+..............
#######...###..............
#...###...........÷..
#.................÷..
####@......#+#....###
######o......#.#....###
#....goo...............
#.....o=......#########
#......(...... #####
#.......(..... .....
#.....(....... .....
#............. .....
#............ .....


You could see 2 orc priests, 2 orcs and a hobgoblin.

Vanquished Creatures
  An orc wizard (D:3)
  2 adders
  5 worms
  3 dart slugs
  4 leopard geckos
  2 orcs (D:3)
  3 goblins
  6 hobgoblins
  2 jackals (D:3)
  A ball python (D:2)
  6 bats
  4 frilled lizards
  16 kobolds
  7 rats
62 creatures vanquished.

Notes
Turn   | Place    | Note
-------+----------+-------------------------------------------
     0 | Abyss:1  | MisterFreud the Demonspawn Abyssal Knight began the quest
                  | for the Orb.
     0 | Abyss:1  | Reached XP level 1. HP: 18/18 MP: 2/2
     8 | D:1      | Escaped the Abyss
   112 | D:1      | Reached skill level 2 in Unarmed Combat
   425 | D:1      | Gained mutation: You are slightly more attuned to the
                  | shadows. [demonic ancestry]
   425 | D:1      | Reached XP level 2. HP: 13/24 MP: 3/3
   867 | D:1      | Reached skill level 3 in Unarmed Combat
  1261 | D:2      | Reached XP level 3. HP: 22/29 MP: 4/4
  1721 | D:2      | Reached ** piety under Lugonu
  2744 | D:3      | Reached XP level 4. HP: 35/35 MP: 5/5
  2756 | D:3      | Reached skill level 4 in Unarmed Combat
  2881 | D:3      | Found a snail-covered altar of Cheibriados.
  3105 | D:3      | Noticed Terence
  3313 | D:3      | Found a faded altar of an unknown god.
  3351 | D:3      | Killed from afar by an orc priest

Illustrated notes

Levels and vault maps discovered:
D:1:      eino_arrival_cavern_a, layout_basic
D:2:      layout_loops_ring
D:3:      layout_basic, chequers_ecumenical_altar_simple, serial_bayou_pond_d,
          kennysheep_slug_shrine, uniq_terence

Skill      XL: |  1  2  3  4 |
---------------+-------------+-----
Unarmed Combat | 2 3 4 |  4.7
Fighting       | |  3.0
Armour         | |  1.7
Dodging        | |  0.8
Invocations    | |  2.4

Action                   |  1- 3 |  4- 6 || total
-------------------------+-------+-------++-------
Melee: Unarmed           |   253 |    83 ||   336
       Punch             |     3 |     1 ||     4
Throw: Dart              |     2 |     5 ||     7
 Stab: Sleeping          |     3 |       ||     3
  Eat: Chunk             |     6 |     2 ||     8
Armor: Leather armour    |    27 |       ||    27
       Ring mail         |    70 |    12 ||    82
       Chain mail        |       |    37 ||    37
       Scale mail        |       |     1 ||     1
Dodge: Dodged            |   152 |    25 ||   177
